 Dungeon Crawl Stone Soup version 0.27.1-35-g4d5d836560 (webtiles) character file.

Game seed: 11168791539470401049

2261 Delamore the Covert (level 9, -6/61 HPs)
             Began as an Octopode Brigand on Apr 12, 2022.
             Mangled by an ice beast (13 damage)
             ... on level 7 of the Dungeon.
             The game lasted 00:07:28 (8201 turns).

Delamore the Covert (Octopode Brigand)              Turns: 8201, Time: 00:07:29

Health: -6/61      AC:  1    Str:  8    XL:     9   Next: 38%
Magic:  9/9        EV: 15    Int: 14    God:
Gold:   352        SH:  0    Dex: 19    Spells: 8/8 levels left

rFire    . . .     SeeInvis .   u - +8 dagger "Muhah" {drain, +Rage rPois Str-2 Dex+3}
rCold    . . .     Faith    .   (no shield)
rNeg     . . .     Spirit   .   (helmet restricted)
rPois    +         Reflect  .   (no amulet)
rElec    .         Harm     .   (no ring)
rCorr    .         Rampage  .   (no ring)
Will     .....                  (no ring)
Stlth    ++++++....             (no ring)
HPRegen  0.20/turn              (no ring)
MPRegen  0.11/turn              (no ring)
                                (no ring)
                                (no ring)

@: no status effects
A: almost no armour, amphibious, 8 rings, camouflage 1, gelatinous body 1,
(nimble swimmer 1), tentacles
a: Evoke Berserk Rage


You were on level 7 of the Dungeon.
You visited 2 branches of the dungeon, and saw 8 of its levels.

You collected 352 gold pieces.

Inventory:

Hand Weapons
 u - the +8 dagger "Muhah" (weapon) {drain, +Rage rPois Str-2 Dex+3}
   (You found it on level 4 of the Dungeon)

   A truly terrible weapon, it drains the life of any living foe it strikes.
   Str:       It affects your strength (-2).
   Dex:       It affects your dexterity (+3).
   rPois:     It protects you from poison.
   +Rage:     It lets you go berserk.
 z - a +3 rapier of protection
Missiles
 b - 16 poisoned darts (quivered)
 c - 3 silver javelins
 j - 3 boomerangs
 y - 2 curare-tipped darts
 B - 2 javelins
Wands
 q - a wand of acid (9)
 C - a wand of flame (18)
Scrolls
 a - a scroll of immolation
 d - a scroll of vulnerability
 e - a scroll of blinking
 f - 2 scrolls of teleportation
 i - a scroll of enchant armour
 k - a scroll of magic mapping
 m - a scroll of fog {unknown}
 n - a scroll of silence
 o - a scroll of amnesia {unknown}
 t - 2 scrolls of noise
 v - a scroll of torment {unknown}
 x - a scroll of enchant weapon
Potions
 g - 4 potions of lignification {unknown}
 l - 2 potions of haste {unknown}
 p - 4 potions of curing {unknown}
 r - a potion of attraction {unknown}
 s - a potion of brilliance {unknown}
 w - 2 potions of heal wounds {unknown}
 A - 2 potions of might {unknown}
 D - a potion of mutation {unknown}


   Skills:
 - Level 5.0 Fighting
 * Level 8.6 Short Blades
 + Level 2.2 Throwing
 + Level 4.6 Dodging
 + Level 9.9 Stealth


You had 8 spell levels left.
You didn't know any spells.
Your spell library contained the following spells:

 Spells                   Type           Power      Damage    Failure   Level
 Apportation              Tloc           0%         N/A       28%         1
 Freeze                   Ice            0%         1d3       28%         1
 Alistair's Intoxication  Tmut/Pois      0%         N/A       100%        5
 Invisibility             Hex            0%         N/A       100%        6


Dungeon Overview and Level Annotations

Branches:
Dungeon (7/15)             Temple (1/1) D:4

Altars:
Ashenzari
Cheibriados
Dithmenos
Elyvilon
Fedhas
Hepliaklqana
Kikubaaqudgha
Makhleb
Nemelex Xobeh
Okawaru
Qazlal
Sif Muna
Trog
Uskayaw
Vehumet
Wu Jian
Xom
Yredelemnul
The Shining One

Shops:
D:6 *


Innate Abilities, Weirdness & Mutations

You cannot wear most types of armour.
You are amphibious.
You can wear up to eight rings at the same time.
Your skin changes colour to match your surroundings (Stealth+).
Your rubbery body absorbs attacks. (AC +1, EV +1)
((You are camouflaged near water. (Stealth+)))
You have tentacles for arms and can constrict up to eight enemies at once.


Message History

2 ice beasts come into view.
Found 14 gold pieces.
Found a scroll of enchant weapon.
The helpless orc fails to defend itself.
You stick the orc like a pincushion!!!!
You kill the orc!
Things that are here:
a +0 hand axe; an orc corpse You see here a ring of magical power.
The helpless scorpion fails to defend itself.
You spit the scorpion like a pig!!!!
You kill the scorpion!
The white imp shouts, "Away with thee, thou errant toenail-biting snake-molt!"
The white imp hits you. The white imp freezes you.
You closely miss the ice beast. The white imp hits you.
The white imp freezes you. The ice beast hits you. The ice beast freezes you.
You hit the ice beast. You squeeze the ice beast!
The ice beast is heavily wounded.
The ice beast hits you. The ice beast freezes you.
You fail to use your ability.
The white imp closely misses you. The ice beast closely misses you.
The ice beast barely misses you.
You puncture the ice beast! You drain the ice beast.
You squeeze the ice beast, but do no damage.
The ice beast is almost dead.
The white imp closely misses you. The ice beast barely misses you.
You fail to use your ability.
The ice beast hits you. The ice beast freezes you!
The white imp barely misses you. The ice beast closely misses you.
You hit the ice beast but do no damage. Your squeeze misses the ice beast.
The ice beast is almost dead.
The ice beast hits you. The ice beast freezes you!
* * * LOW HITPOINT WARNING * * *
The white imp hits you.
* * * LOW HITPOINT WARNING * * *
The white imp freezes you.
* * * LOW HITPOINT WARNING * * *
The ice beast hits you.
* * * LOW HITPOINT WARNING * * *
The ice beast freezes you!
You die...

*,,,,****************
*,,,,,.,,,,,.,,.,.,,*
#..***#.***.#*.#.#*,*
#..####.###.##.#.#*,**
***#......,.........**,,*
***,,,..##.###.##.#.#,**,,*
.*,,,*#.............*,,,,,*
..,,,##.##.#.##†#5#,*,**,,*
.#.###..##...)=.@Y#,,,**,,*
...........#.#..Y...#,**,,*
........##.#...?..#.#,,,,,*
######..##...#........**,,*
8#..###.##.#.#.#.##.#.#*,,*
##.........#............,,*
...###..##.#.#.##.#*#.##,,*
#### #..##......$..,,..,,,*
8### ##.##.#.#*.#**,****,,*


You could see 2 ice beasts and a white imp.

Vanquished Creatures
  Grinder (D:5)
  A shadow (D:6)
  A steam dragon (D:6)
  A sky beast (D:6)
  An orc warrior (D:5)
  An ice beast (D:5)
  2 black bears
  2 ogres
  A centaur (D:4)
  A necrophage (D:6)
  3 scorpions
  A wyvern zombie (D:5)
  A water moccasin skeleton (D:5)
  4 wights (D:6)
  A howler monkey (D:6)
  A bullfrog zombie (D:5)
  2 hounds (D:6)
  A centaur skeleton (D:5)
  Crazy Yiuf (D:3)
  Jessica (D:3)
  4 iguanas
  Ijyb (D:3)
  A hound zombie (D:5)
  2 gnolls (D:1)
  9 adders
  An ufetubus (D:6)
  2 worms (D:3)
  3 dart slugs
  12 orcs
  7 endoplasms
  3 giant cockroaches
  12 goblins
  11 hobgoblins
  A jackal (D:3)
  5 kobolds
  A quokka (D:1)
  9 ball pythons
  6 bats
  3 frilled lizards
  7 rats
128 creatures vanquished.

Notes
Turn   | Place    | Note
-------+----------+-------------------------------------------
     0 | D:1      | Delamore the Octopode Brigand began the quest for the Orb.
     0 | D:1      | Reached XP level 1. HP: 14/14 MP: 1/1
    89 | D:1      | Reached XP level 2. HP: 14/19 MP: 2/2
   281 | D:1      | Found a faded altar of an unknown god.
   285 | D:1      | Got Plato's Reference Book on Ice
   397 | D:1      | Reached XP level 3. HP: 1/24 MP: 3/3
  1152 | D:2      | Reached skill level 6 in Stealth
  1347 | D:2      | Reached XP level 4. HP: 24/30 MP: 4/4
  2400 | D:2      | Reached XP level 5. HP: 16/36 MP: 5/5
  3338 | D:3      | Noticed Jessica
  3343 | D:3      | Killed Jessica
  3692 | D:3      | Noticed Ijyb
  3697 | D:3      | Killed Ijyb
  3973 | D:3      | Reached XP level 6. HP: 41/42 MP: 6/6
  4144 | D:3      | Found a runed translucent door.
  4145 | D:3      | Noticed Crazy Yiuf
  4241 | D:3      | Killed Crazy Yiuf
  4492 | D:4      | Found a broken altar of Ashenzari.
  4508 | D:4      | Found a hide-covered altar of Uskayaw.
  4557 | D:4      | Reached skill level 7 in Stealth
  4588 | D:4      | Reached skill level 5 in Short Blades
  4718 | D:4      | Identified the +8 dagger "Muhah" {drain, +Rage rPois Str-2
                  | Dex+3}
  4765 | D:4      | Found a staircase to the Ecumenical Temple.
  4860 | Temple   | Entered the Ecumenical Temple
  5045 | D:4      | Found a stormy altar of Qazlal.
  5140 | D:5      | Entered Level 5 of the Dungeon
  5212 | D:5      | Found a snail-covered altar of Cheibriados.
  5407 | D:5      | Reached XP level 7. HP: 47/47 MP: 7/7
  5919 | D:5      | Noticed Grinder
  5924 | D:5      | Killed Grinder
  5978 | D:5      | Reached skill level 8 in Stealth
  6133 | D:5      | Reached XP level 8. HP: 54/54 MP: 8/8
  6541 | D:6      | Noticed a shadow
  6557 | D:6      | Killed a shadow
  6558 | D:6      | Reached skill level 5 in Fighting
  6861 | D:6      | Reached skill level 9 in Stealth
  7226 | D:6      | Reached XP level 9. HP: 42/61 MP: 9/9
  7842 | D:6      | Found Afiena Yrua's CLEARANCE SALE! EVERYTHING MUST GO!.
  8167 | D:7      | Found an iron altar of Okawaru.
  8201 | D:7      | Mangled by an ice beast

Illustrated notes

Levels and vault maps discovered:
D:1:      wander_arrival_peaceful_grave, layout_basic,
          shapermc_ecumenical_altar_rom_forum
D:2:      layout_basic
D:3:      minmay_chambers_of_threes, layout_basic, grunt_ministairs_15,
          uniq_crazy_yiuf_cottage, uniq_jessica, uniq_ijyb
D:4:      layout_cave_pools, mainiacjoe_overflow_big_doors, kennysheep_mini,
          minmay_temple_entry_glassed_door, minmay_misc_feat_square
D:5:      layout_basic, mainiacjoe_overflow_boulevard, serial_glass,
          glass_columns_a, glass_columns_b, minmay_misc_feat_room,
          minmay_quadrilaterals, uniq_grinder
D:6:      layout_loops_ring, nicolae_shop_clearance
D:7:      layout_rooms, nicolae_ru_awakened_eye, mainiacjoe_overflow_alcove_2,
          minmay_diced_spiral
Temple:   eino_temple_lava

Skill      XL: |  1  2  3  4  5  6  7  8  9 |
---------------+----------------------------+-----
Short Blades   | 3 4 5 6 7 8 |  8.6
Stealth        | 6 7 8 9 |  9.9
Fighting       | 3 4 5 |  5.0
Dodging        | 2 3 4 |  4.6
Throwing       | |  2.2

Action                   |  1- 3 |  4- 6 |  7- 9 || total
-------------------------+-------+-------+-------++-------
Melee: Dagger            |    48 |   143 |   106 ||   297
       Constrict         |     9 |    36 |    14 ||    59
       Tentacles         |     4 |    25 |    24 ||    53
Throw: Dart              |     1 |     2 |     6 ||     9
       Boomerang         |       |       |     5 ||     5
 Abil: Evoke Berserk Rag |       |       |     3 ||     3
  Use: Scroll            |       |     4 |     5 ||     9
 Stab: Sleeping          |    12 |    22 |    10 ||    44
       Distracted        |       |     2 |     1 ||     3
Armor: Skin              |       |    20 |     2 ||    22
Dodge: Dodged            |    16 |    45 |    57 ||   118
